 Dungeon Crawl Stone Soup version 0.21-a0-153-g78480df (webtiles) character file.

65 AverageBear the Cutter (level 3, 0/22 HPs)
             Began as a Deep Elf Fighter on Aug 1, 2017.
             Slain by a hobgoblin (4 damage)
             ... on level 3 of the Dungeon.
             The game lasted 00:01:12 (1698 turns).

AverageBear the Cutter (Deep Elf Fighter)           Turns: 1698, Time: 00:01:12

Health: 0/22       AC:  6    Str: 14    XL:     3   Next: 94%
Magic:  5/5        EV:  6    Int: 17    God:
Gold:   78         SH:  8    Dex: 14    Spells: 2/2 levels left

rFire    . . .     SeeInvis .   o - +0 dagger (venom)
rCold    . . .     Gourm    .   c - +0 shield
rNeg     + . .     Faith    .   b - +0 scale mail
rPois    .         Spirit   .   (no helmet)
rElec    .         Reflect  .   (no cloak)
rCorr    .         Harm     .   (no gloves)
MR       .....                  (no boots)
Stlth    ..........             (no amulet)
HPRegen  0.07/turn              i - ring of positive energy
MPRegen  0.09/turn              (no ring)

@: brilliant, lethally poisoned (0 -> -3)
A: no striking features
a: no special abilities


You were on level 3 of the Dungeon.
You were hungry.

You visited 1 branch of the dungeon, and saw 3 of its levels.

You collected 78 gold pieces.

Inventory:

Hand Weapons
 a - a +0 rapier
 o - a +0 dagger of venom (weapon)
Armour
 b - a +0 scale mail (worn)
 c - a +0 shield (worn)
Jewellery
 i - a ring of positive energy (left hand)
Scrolls
 e - a scroll of remove curse
 g - a scroll of noise {unknown}
 h - a scroll of immolation {unknown}
 m - a scroll of enchant weapon {unknown}
 p - a scroll of magic mapping {unknown}
 q - a scroll of recharging {unknown}
 r - a scroll of fog {unknown}
 s - 2 scrolls of identify {unknown}
 t - a scroll of random uselessness {unknown}
Potions
 d - a potion of might
 j - a potion of invisibility {unknown}
 n - a potion of brilliance
Comestibles
 f - 3 bread rations
 k - 2 meat rations
 l - 2 royal jellies
 u - a chunk of flesh


   Skills:
 - Level 2.4 Fighting
 + Level 4.2 Short Blades
 - Level 2.4 Armour
 - Level 2.4 Shields


You had 2 spell levels left.
You didn't know any spells.

Dungeon Overview and Level Annotations

Branches:
Dungeon (3/15)

Altars:


Message History

You feel sick.
You feel sick.
You hit the orc.
The orc is heavily wounded.
The orc hits you but does no damage.
You hit the orc.
The orc is severely wounded.
The orc hits you.
You hit the hobgoblin but do no damage. You block the orc's attack.
The hobgoblin hits you.
* * * LOW HITPOINT WARNING * * *
You hit the hobgoblin.
The hobgoblin is poisoned.
The hobgoblin is moderately wounded.
You feel sick. You block the orc's attack. The hobgoblin barely misses you.
It was a potion of brilliance.
You feel clever all of a sudden. The orc hits you.
* * * LOW HITPOINT WARNING * * *
The hobgoblin hits you.
You die...

......# .. ...... . ...
##..#.# .######
....#.....# ......
....#.....###....###
..........+ .......
..........###....#
...........##...=#
.......<##@##...$##
....###.##go......#.###
.. ..##.g...........
...#####..))......
.♣... ###........
._.♣.. #.#...... .♣
♣... ..#...... .. ....
..##..... #.# #####


You could see an orc and 2 hobgoblins.

Vanquished Creatures
  2 adders
  2 worms (D:2)
  2 orcs (D:3)
  5 bats
  A giant cockroach (D:2)
  6 goblins
  6 hobgoblins
  2 jackals (D:2)
  A quokka (D:2)
  A frilled lizard (D:2)
  6 kobolds
  4 rats
38 creatures vanquished.

Notes
Turn   | Place    | Note
-------+----------+-------------------------------------------
     0 | D:1      | AverageBear the Deep Elf Fighter began the quest for the Orb.
     0 | D:1      | Reached XP level 1. HP: 13/13 MP: 3/3
   481 | D:1      | Reached XP level 2. HP: 8/18 MP: 4/4
   854 | D:1      | Reached skill level 3 in Short Blades
   997 | D:2      | Reached XP level 3. HP: 17/22 MP: 5/5
  1592 | D:2      | Reached skill level 4 in Short Blades
  1668 | D:3      | Found a faded altar of an unknown god.
  1698 | D:3      | Slain by a hobgoblin

Vault maps used:
D:1:      minmay_arrival_shoal_huts, st_stairs_1
D:2:      serial_aquarium, aquarium_bridge_long_separate, aquarium_window_1,
          aquarium_window_corner, aquarium_view_2c, aquarium_balcony_5b,
          first_bread
D:3:      grunt_temple_overflow_lords_of_destruction,
          chequers_ecumenical_altar_simple_redux, lemuel_old_faithful,
          uniq_natasha, uniq_sigmund

Skill      XL: |  1  2  3 |
---------------+----------+-----
Short Blades   | 3 4 |  4.2
Fighting       | |  2.4
Armour         | |  2.4
Shields        | |  2.4

Action                   || total
-------------------------++-------
Melee: Rapier            ||    25
       Dagger            ||   110
  Use: Scroll            ||     1
       Potion            ||     1
  Eat: Chunk             ||     2
Armor: Scale mail        ||    66
Dodge: Dodged            ||    22
Block: Shield            ||    50
